 Dungeon Crawl Stone Soup version 0.19-a0-32-gbfd796a (webtiles) character file.

15 M4edhros the Grave Robber (level 2, 0/17 HPs)
             Began as an Octopode Necromancer on May 3, 2016.
             Slain by an adder (4 damage)
             ... on level 2 of the Dungeon.
             The game lasted 00:02:12 (296 turns).

M4edhros the Grave Robber (Octopode Necromancer)     Turns: 296, Time: 00:02:12

Health: 0/17       AC:  1    Str:  7    XL:     2   Next: 50%
Magic:  5/5        EV: 12    Int: 17    God:
Gold:   18         SH:  0    Dex: 12    Spells: 2 memorised, 3 levels left

rFire  . . .     SeeInvis .       - Unarmed
rCold  . . .     Gourm    .     (no shield)
rNeg   . . .     Faith    .     (helmet restricted)
rPois  .         Spirit   .     (no amulet)
rElec  .         Dismiss  .     (no ring)
rCorr  .         Reflect  .     (no ring)
SustAt .         Harm     .     (no ring)
MR     .....                    (no ring)
Stlth  ++........               (no ring)
                                (no ring)
                                (no ring)
                                (no ring)

@: confused, lethally poisoned (0 -> -8), not resistant to hostile enchantments,
unstealthy
A: almost no armour, amphibious, 8 rings, constrict 8, camouflage 1, gelatinous
body 1
a: no special abilities


You were on level 2 of the Dungeon.
You were not hungry.

You visited 1 branch of the dungeon, and saw 2 of its levels.

You collected 18 gold pieces.

Inventory:

Wands
 g - a wand of digging (0/24)
 h - a wand of acid (2/15)
Potions
 d - a potion of ambrosia
Books
 a - a book of Necromancy

   Spells                             Type                      Level
   a - Pain                           Necromancy                   1
   b - Animate Skeleton               Necromancy                   1
   c - Vampiric Draining              Necromancy                   3
   d - Regeneration                   Charms/Necromancy            3
   e - Animate Dead                   Necromancy                   4
   f - Control Undead                 Necromancy                   4
Comestibles
 b - a bread ration
 i - 2 chunks of flesh


   Skills:
 - Level 2.0 Dodging
 - Level 2.6 Stealth
 + Level 2.0 Unarmed Combat
 - Level 2.0 Spellcasting
 - Level 4.0 Necromancy


You had 3 spell levels left.
You knew the following spells:

 Your Spells              Type           Power        Failure   Level  Hunger
a - Pain                  Necr           ###.         3%          1    #......
b - Animate Skeleton      Necr           N/A          3%          1    #......


Dungeon Overview and Level Annotations

Branches:
Dungeon (2/15)

Altars:
Pakellas


Innate Abilities, Weirdness & Mutations

You cannot wear most types of armour.
You are amphibious.
You can wear up to eight rings at the same time.
You can use your tentacles to constrict eight enemies at once.
Your skin changes colour to match your surroundings (Stealth).
Your rubbery body absorbs attacks (AC +1).


Message History

You kill the hobgoblin!
Evoking this partially-identified wand wasted a few charges.
The adder misses you.
You miss the adder. Your grab misses the adder. The adder bites you.
You are poisoned.
The adder poisons you! The adder bites you.
* * * LOW HITPOINT WARNING * * *
You are more poisoned.
The adder poisons you!
Unknown command.
Drink which item? (? for menu, Esc to quit)
You are confused.
You feel invigorated.
You feel sick. The adder bites you.
* * * LOW HITPOINT WARNING * * *
You miss the adder.
You feel sick. The adder misses you.
You tentacle-slap the adder but do no damage.
You feel sick. The adder bites you.
* * * LOW HITPOINT WARNING * * *
The adder bites you.
You die...

.......†..# #...[.......
>#g##.#...######.......####
#.#................## #
#..............^..#
#.###.......##'##.# #.#
#).....)#...#.# #.#
#).(....#...#.### #.
##S..)##.#####.#..
##@##..##.##_##.#.#
#K###.....#####.#.#
.....).....#####.#.#
#.#.###.#.........#.#
...#.# #.#......##...# ..#
#.# #.#......#....# ... #.#
#.#......#....# .. ...
.........#....# #.#
#.#.######....#


You could see an adder and a kobold.

Vanquished Creatures
  A giant gecko (D:2)
  3 goblins (D:2)
  4 hobgoblins (D:2)
  2 bats (D:1)
  2 giant newts
  A rat (D:1)
13 creatures vanquished.

Notes
Turn   | Place    | Note
--------------------------------------------------------------
     0 | D:1      | M4edhros the Octopode Necromancer began the quest for the Orb.
     0 | D:1      | Reached XP level 1. HP: 11/11 MP: 3/3
   104 | D:1      | Reached skill level 1 in Unarmed Combat
   154 | D:2      | Reached XP level 2. HP: 7/17 MP: 1/5
   176 | D:2      | Found an oddly glowing altar of Pakellas.
   222 | D:2      | Learned a level 1 spell: Animate Skeleton
   296 | D:2      | Slain by an adder

Vault maps used:
D:1:      saegor_arrival_simple_b, corner_web_ring
D:2:      led_sif_pool, johnstein_pakellas_dig

Skill      XL: |  1  2 |
---------------+-------+-----
Unarmed Combat | 1 2 |  2.0
Dodging        | |  2.0
Stealth        | |  2.6
Spellcasting   | |  2.0
Necromancy     | |  4.0

Action                   || total
-------------------------++-------
Melee: Unarmed           ||    12
       Constrict         ||     4
       Tentacles         ||     4
 Cast: Pain              ||    14
       Animate Skeleton  ||     1
Evoke: Wand              ||     3
  Use: Scroll            ||     3
       Potion            ||     2
Armor: Skin              ||     6
Dodge: Dodged            ||    11
